 Dungeon Sprint DCSS version 0.29-a0-653-gd47aff6735 (webtiles) character file.

Game seed: 7848530411306516612

9 purpskrrrp the Stinger (level 2, -23/22 HPs)
             Began as a Naga Wanderer on June 22, 2022.
             Killed from afar by an oklob sapling (27 damage)
             ... with a splash of acid
             ... in the Dungeon (Sprint IV: "Fedhas' Mad Dash").
             The game lasted 00:00:57 (323 turns).

purpskrrrp the Stinger (Naga Wanderer)               Turns: 323, Time: 00:00:58

Health: -23/22     AC: -1    Str: 13    XL:     2   Next: 16%
Magic:  5/5        EV:  9    Int: 14    God:
Gold:   8          SH:  0    Dex:  9    Spells: 5/5 levels left

rFire   . . .      SeeInvis +   a - +0 club
rCold   . . .      Faith    .   (no shield)
rNeg    . . .      Spirit   .   c - +0 robe
rPois   +          Reflect  .   (no helmet)
rElec   .          Harm     .   (no cloak)
rCorr   .          Rampage  .   d - +0 pair of gloves
Will    .....      NoTele   +   (no barding)
Stlth   +.........              (no amulet)
HPRegen 0.07/turn               (no ring)
MPRegen 0.09/turn               (no ring)

@: corroded, very slow
A: AC +0, large, see invisible, deformed body, poison resistance, slowness 2,
spit poison 1, naga tail 1
a: Spit Poison


You were in the Dungeon.
You visited 1 branch You collected 8 gold pieces.

Inventory:

Hand Weapons
 a - a +0 club (weapon)
Armour
 c - a +0 robe (worn)
 d - a +0 pair of gloves (worn)
Scrolls
 b - a scroll of vulnerability
 j - a scroll of blinking
Potions
 e - a potion of curing
 f - a potion of heal wounds
 g - a potion of haste
 h - 2 potions of magic


   Skills:
 + Level 0.1 Fighting
 + Level 0.1 Maces & Flails
 + Level 1.5 Stealth
 + Level 2.2 Spellcasting
 + Level 3.7 Ice Magic
 + Level 5.8 Poison Magic
 + Level 1.0 Invocations


You had 5 spell levels left.
You didn't know any spells.
Your spell library contained the following spells:

 Spells                   Type           Power      Damage    Failure   Level
 Freeze                   Ice            48%        1d7       4%          1
 Sting                    Tmut/Pois      36%        1d4       7%          1
 Ignite Poison            Fire/Tmut/Pois 7%         N/A       30%         3
 Hailstorm                Conj/Ice       6%         3d4       71%         4
 Ice Form                 Ice/Tmut       6%         N/A       71%         4


Dungeon Overview and Level Annotations

Branches:
Dungeon (1/1)

Altars:

Annotations:
D exclusion: oklob sapling


Innate Abilities, Weirdness & Mutations

Your serpentine skin is tough. (AC +0)
You have supernaturally acute eyesight. (SInv)
Armour fits poorly on your strangely shaped body.
Your system is resistant to poisons. (rPois)
You cover ground very slowly.
You can spit poison.
You have a snake-like lower body.


Message History

You start resting.
You feel yourself speed up.
You start resting.
You recover from your berserk rage.
You start resting.
HP restored.
You open the door.
An oklob sapling comes into view.
The oklob sapling spits acid at you. The splash of acid hits you!
Marking area around an oklob sapling as unsafe for travelling.
Found 59 gold pieces.
You start resting.
HP restored.
Really slither into a travel-excluded area?
Uppercase [Y]es or [N]o only, please.
Really slither into a travel-excluded area?
There is an open door here.
You strike the helpless oklob sapling from behind!
You hit the oklob sapling but do no damage.
You hit the oklob sapling but do no damage.
You hit the oklob sapling but do no damage.
You hit the oklob sapling but do no damage.
The oklob sapling spits acid at you. The splash of acid hits you!!
Ouch! That really hurt!
* * * LOW HITPOINT WARNING * * *
The acid corrodes you!
You hit the oklob sapling but do no damage.
You hit the oklob sapling but do no damage.
You hit the oklob sapling but do no damage.
You hit the oklob sapling but do no damage.
You hit the oklob sapling.
The oklob sapling is heavily damaged.
You hit the oklob sapling but do no damage.
The oklob sapling is heavily damaged.
The oklob sapling spits acid at you. The splash of acid hits you!!
Ouch! That really hurt!
You die...

##################
#<..P#.....#.$$$$#
#PP..'รท....@.#
#PPPP#.....#P#
##############


You could see an oklob sapling.

Vanquished Creatures
  A river rat (D)
  A rat (D)
2 creatures vanquished.

Notes
Turn   | Place    | Note
-------+----------+-------------------------------------------
     0 | D        | purpskrrrp the Naga Wanderer began the quest for the Orb.
     0 | D        | purpskrrrp set off with the following items: a +0 club, a
                  | scroll of vulnerability, a +0 robe, a +0 pair of gloves, a
                  | potion of curing, a potion of heal wounds, a potion of
                  | haste, 2 potions of magic, a potion of berserk rage, a
                  | scroll of blinking; and the following spells available to
                  | memorise: Freeze, Sting, Ignite Poison, Hailstorm, Ice
                  | Form.
     0 | D        | Reached XP level 1. HP: 15/15 MP: 3/3
    18 | D        | Reached skill level 5 in Poison Magic
    18 | D        | Reached XP level 2. HP: 15/22 MP: 5/5
   175 | D        | Noticed an oklob sapling
   323 | D        | Killed from afar by an oklob sapling

Illustrated notes

Levels and vault maps discovered:
D:        dungeon_sprint_fedhas [sprint_temple]

Skill      XL: |  1 |
---------------+----+-----
Poison Magic   | 5 |  5.8
Fighting       | |  0.1
Maces & Flails | |  0.1
Stealth        | |  1.5
Spellcasting   | |  2.2
Ice Magic      | |  3.7
Invocations    | |  1.0

Action                   || total
-------------------------++-------
Melee: Club              ||    19
  Use: Potion            ||     1
 Stab: Distracted        ||     1
Armor: Robe              ||     1
Dodge: Dodged            ||     4

Table legend: (Time is in decaauts)
 A = Elapsed time spent in this place.
 B = Non-inter-level travel time spent in this place.
 C = Inter-level travel time spent in this place.
 D = Time resting spent in this place.
 E = Time spent auto-exploring this place.
 F = Levels seen in this place.
 G = Mean time per level.
                   A        B        C        D        E       F      G
               +--------+--------+--------+--------+--------+-----+--------+
         Total |    341 |    334 |      7 |    299 |      0 |   1 |  341.0 |
       Dungeon |    341 |    334 |      7 |    299 |      0 |   1 |  341.0 |
               +--------+--------+--------+--------+--------+-----+--------+

Top non-repeatable levels by time:
       D: 341 daAuts
